Map: Magannatha LE

Players

PAQUITO - Winner!

  • Race: Terran Terran
  • League: Master
  • Spawn Location: 5:00

ManlyManMeat

  • Race: Zerg Zerg
  • Spawn Location: 11:00

VOD

Have the link to the VOD?

Description

Time

  • Played on: May 16, 2025, noon
  • Length: 16:43
Show
View Real Time Build Order
Export as new Build Order

PAQUITO Terran - Winner!

Build Orders:  

Get SALT Encoding   

  12  0:01  SCV  
  13  0:13  SCV  
  14  0:25  SCV  
  15  0:31  Supply Depot  
  15  0:49  Supply Depot  
  15  0:52  SCV  
  15  0:55  Barracks  
  16  1:04  SCV  
  16  1:08  Barracks  
  17  1:19  SCV, Barracks  
  18  1:34  SCV  
  18  1:36  Barracks  
  19  1:50  SCV  
  19  1:51  Barracks  
  20  1:57  Marine  
  21  2:06  Supply Depot, Marine  
  21  2:08  SCV  
  23  2:12  Marine  
  24  2:21  SCV, Supply Depot  
  25  2:24  Marine  
  25  2:27  Marine  
  27  2:30  Marine  
  27  2:35  Marine  
  29  2:44  Refinery  
  29  2:45  Marine  
  29  2:49  Marine  
  31  2:51  Marine  
  31  2:53  Marine  
  31  2:55  Marine  
  31  2:57  SCV  
  35  3:03  Supply Depot  
  35  3:09  SCV  
  36  3:22  SCV  
  37  3:27  Marine x2  
  37  3:28  Marine x2  
  41  3:41  Barracks Tech Lab  
  41  3:43  SCV  
  41  3:45  Marine x3  
  41  3:46  Marine  
  46  3:50  Supply Depot  
  46  3:55  Refinery  
  46  3:56  SCV  
  40  4:03  Marine x2  
  37  4:27  Marine x3  
  37  4:28  Command Center  
  36  4:37  Concussive Shells  
  36  4:40  Barracks Tech Lab  
  36  4:50  Engineering Bay  
  36  4:53  Marine x3  
  36  4:54  Marine  
  40  5:04  Stimpack  
  40  5:11  SCV  
  41  5:19  Combat Shield  
  41  5:27  Supply Depot  
  41  5:33  Marine x3  
  41  5:35  Marine x2  
  45  5:40  Planetary Fortress  
  46  5:47  Planetary Fortress  
  46  5:54  Bunker  
  46  6:16  Factory  
  46  6:22  Terran Infantry Weapons Level 1  
  46  6:23  Bunker  
  46  6:26  SCV  
  47  6:38  SCV  
  48  6:47  Marine  
  48  6:48  Marine x3  
  48  6:49  Marine  
  48  6:50  SCV  
  54  7:02  SCV  
  54  7:03  Supply Depot  
  54  7:05  Marine x2  
  54  7:06  Marine x2  
  54  7:07  Marine  
  60  7:14  SCV  
  61  7:18  Factory Tech Lab  
  61  7:23  SCV  
  61  7:24  Starport  
  61  7:26  Supply Depot  
  61  7:28  Marine  
  61  7:29  Marine x2  
  65  7:48  Supply Depot  
  65  7:53  Missile Turret  
  65  8:13  Missile Turret  
  65  8:17  Terran Infantry Armor Level 1  
  65  8:19  Siege Tank  
  68  8:24  Starport Tech Lab  
  68  8:28  Starport  
  68  8:35  Missile Turret  
  68  8:48  SCV  
  69  8:50  Missile Turret  
  69  8:51  Siege Tank  
  72  8:58  Raven  
  72  9:00  SCV  
  75  9:12  SCV  
  59  9:24  SCV  
  55  9:31  SCV  
  55  9:39  Missile Turret  
  55  9:43  SCV  
  55  9:45  SCV  
  57  9:51  Starport Tech Lab  
  57  9:55  SCV  
  57  9:57  SCV  
  57  9:58  Fusion Core  
  59  10:02  Missile Turret  
  59  10:07  SCV  
  59  10:09  SCV  
  59  10:11  Refinery x2  
  61  10:19  SCV  
  62  10:21  SCV  
  62  10:22  Siege Tank  
  66  10:31  Neosteel Armor  
  66  10:32  SCV  
  66  10:33  SCV  
  67  11:23  Battlecruiser  
  72  11:32  Battlecruiser  
  78  11:45  Supply Depot  
  78  12:00  Marine x2  
  78  12:01  Marine x3  
  82  12:08  Supply Depot  
  83  12:11  Hi-Sec Auto Tracking  
  83  12:18  Marine x3  
  83  12:19  Marine x2  
  88  12:27  Battlecruiser  
  94  12:36  Missile Turret, Marine x4  
  94  12:37  Battlecruiser, Marine  
  104  12:40  Supply Depot  
  105  12:50  Siege Tank  
  108  12:54  Marine x5  
  113  13:03  Supply Depot  
  113  13:12  Marine x2  
  115  13:22  Siege Tank  
  118  13:28  Supply Depot  
  118  13:37  Battlecruiser  
  124  13:42  Battlecruiser  
  130  14:07  Supply Depot  
  130  14:29  Supply Depot  
  130  14:47  Battlecruiser  
  132  15:18  Missile Turret  
  130  15:23  Missile Turret  
Show
View Real Time Build Order
Export as new Build Order

ManlyManMeat Zerg 

Build Orders: Hatch First 

Get SALT Encoding   

  12  0:00  Drone  
  13  0:09  Drone  
  14  0:16  Overlord  
  14  0:34  Drone x2  
  16  0:47  Hatchery  
  15  0:50  Drone  
  16  0:59  Drone  
  16  1:00  Drone  
  18  1:06  Extractor  
  18  1:09  Drone  
  18  1:18  Spawning Pool  
  18  1:24  Drone  
  18  1:32  Drone  
  20  1:40  Drone  
  20  1:50  Overlord  
  20  2:02  Drone  
  20  2:05  Queen  
  20  2:07  Queen  
  25  2:09  Metabolic Boost  
  25  2:15  Drone  
  26  2:27  Zergling x8  
  30  2:43  Queen  
  32  2:50  Zergling x4  
  32  2:51  Zergling x4  
  36  2:54  Overlord  
  36  2:56  Overlord  
  36  3:11  Queen  
  38  3:18  Drone x3  
  38  3:19  Drone  
  42  3:25  Baneling Nest  
  42  3:26  Drone  
  42  3:52  Zergling x2  
  42  3:53  Zergling x6  
  46  3:58  Zergling x4  
  46  4:17  Lair  
  46  4:22  Evolution Chamber  
  45  4:24  Evolution Chamber  
  45  4:26  Drone x3  
  45  4:28  Extractor  
  46  4:48  Overlord  
  46  4:49  Overlord  
  46  4:51  Overlord  
  46  4:52  Overlord  
  46  4:53  Overlord x2  
  46  4:55  Drone x5  
  46  4:58  Extractor  
  50  5:00  Extractor, Zerg Ground Armor Level 1, Zerg Melee Weapons Level 1  
  49  5:17  Drone x5  
  49  5:18  Drone  
  55  5:33  Queen  
  55  5:35  Hatchery  
  56  5:44  Drone  
  56  5:45  Drone x5  
  62  5:53  Centrifugal Hooks  
  62  6:32  Infestation Pit  
  61  6:40  Overseer  
  61  6:44  Overlord x12  
  61  6:57  Overlord x2  
  61  6:59  Zergling x10  
  66  7:35  Drone x7  
  73  7:38  Zergling x20  
  73  7:39  Zerg Melee Weapons Level 2, Zerg Ground Armor Level 2  
  73  7:42  Neural Parasite  
  83  7:45  Infestor  
  85  7:51  Baneling x5  
  85  7:56  Extractor  
  84  7:58  Extractor  
  83  8:22  Drone x9  
  92  8:37  Spore Crawler  
  92  8:39  Spore Crawler  
  92  8:40  Drone x4, Spore Crawler  
  88  9:29  Hive  
  88  9:30  Infestor x3  
  88  9:31  Infestor x2  
  95  9:32  Drone  
  95  9:33  Drone x6  
  95  9:36  Zergling x26  
  117  10:09  Drone x2, Zergling x22  
  129  10:38  Spire  
  129  10:40  Adrenal Glands  
  129  10:41  Zerg Melee Weapons Level 3  
  128  10:50  Hatchery  
  128  10:52  Spore Crawler  
  128  10:53  Spine Crawler, Spore Crawler  
  128  10:54  Spine Crawler  
  123  11:26  Spine Crawler  
  123  11:28  Drone x2, Spore Crawler  
  123  11:29  Drone x7  
  123  11:30  Drone x4  
  134  11:52  Zerg Ground Armor Level 3  
  134  12:05  Overseer x7  
  134  12:08  Zergling x24  
  144  12:09  Zergling x2  
  144  12:10  Baneling  
  144  12:11  Baneling x5  
  147  12:27  Ultralisk Cavern  
  147  12:28  Ultralisk Cavern  
  145  12:39  Overlord x3  
  145  13:15  Hatchery  
  145  13:17  Hatchery  
  145  13:18  Overseer x5  
  143  13:27  Chitinous Plating  
  143  13:28  Anabolic Synthesis  
  143  13:44  Overseer  
  143  13:50  Ultralisk x4  
  143  13:51  Corruptor x2  
  171  14:00  Extractor  
  171  14:02  Extractor  
  169  14:46  Ultralisk x2  
  169  14:47  Ultralisk x2  
  169  14:48  Zergling x12  
  197  15:05  Spawning Pool  
  197  15:06  Spore Crawler  
  178  15:08  Spire  
  178  15:11  Infestation Pit  
  77  15:35  Corruptor  
  77  15:36  Corruptor x3  
  84  15:53  Drone  
  84  15:54  Zergling x16  
Tags
 
League
Master
Matchup
TvZ
Spawn Locations
Cross Positions
Add a new tag
Caveats
  • Supply blocks, unpowered buildings, or Contaminate may cause inaccurate times.
  • Supply counts are checked every 10 seconds.